 Dungeon Crawl Stone Soup version 0.27-a0-203-gd48b2df3c9 (webtiles) character file.

Game seed: 18351881210038278377

849 wakim the Ruffian (level 7, -4/57 HPs)
             Began as a Black Draconian Transmuter on Jan 30, 2021.
             Slain by an orc priest
             ... wielding a +0 whip
              (5 damage)
             ... on level 4 of the Dungeon.
             The game lasted 00:15:23 (4901 turns).

wakim the Ruffian (Black Draconian Transmuter)      Turns: 4901, Time: 00:15:24

Health: -4/57      AC:  7    Str: 13    XL:     7   Next: 69%
Magic:  10/10      EV: 13    Int: 15    God:
Gold:   135        SH:  0    Dex: 11    Spells: 7/10 levels left

rFire    . . .     SeeInvis .     - Unarmed
rCold    . . .     Faith    .   (no shield)
rNeg     . . .     Spirit   .   (armour unavailable)
rPois    .         Reflect  .   (helmet restricted)
rElec    +         Harm     .   h - +0 cloak
rCorr    .         Rampage  .   (no gloves)
Will     .....                  (no boots)
Stlth    +.........             (no amulet)
HPRegen  0.19/turn              (no ring)
MPRegen  0.12/turn              (no ring)

@: no status effects
A: breathe lightning, unfitting armour, electricity resistance, cold-blooded, AC
+6
a: Breathe Lightning


You were on level 4 of the Dungeon.
You visited 1 branch of the dungeon, and saw 4 of its levels.

You collected 135 gold pieces.

Inventory:

Armour
 h - a +0 cloak (worn)
Wands
 m - a wand of flame (6)
Scrolls
 c - a scroll of enchant weapon
 d - 4 scrolls of identify
 e - a scroll of teleportation
 k - a scroll of amnesia
 l - 2 scrolls of remove curse
Potions
 a - a potion of attraction {unknown}
 b - 2 potions of curing
 f - a potion of cancellation {unknown}
 g - 2 potions of brilliance {unknown}
 i - a potion of heal wounds {unknown}
 j - a potion of mutation {unknown}


   Skills:
 - Level 3.0 Fighting
 - Level 4.0 Dodging
 + Level 7.0 Unarmed Combat
 - Level 2.0 Spellcasting
 - Level 4.0 Transmutations


You had 7 spell levels left.
You knew the following spells:

 Your Spells              Type           Power        Failure   Level
a - Beastly Appendage     Tmut           26%          4%          1
b - Wereblood             Tmut           13%          6%          2

Your spell library contained the following spells:

 Spells                   Type           Power        Failure   Level
 Spider Form              Tmut/Pois      3%           28%         3
 Ice Form                 Ice/Tmut       7%           67%         4
 Blade Hands              Tmut           6%           75%         5


Dungeon Overview and Level Annotations

Branches:
Dungeon (4/15)
 Temple: D:4-7

Altars:


Innate Abilities, Weirdness & Mutations

You can breathe wild blasts of lightning.
Your glossy black scales are hard. (AC +6)
You cannot fit into any form of body armour.
You are resistant to electric shocks. (rElec)
You are cold-blooded and may be slowed by cold attacks.


Message History

Beogh smites you!
* * * LOW HITPOINT WARNING * * *
You hit the orc priest.
You headbutt the orc priest, but do no damage.
The orc priest is almost dead.
The orc priest hits you with a +0 whip.
* * * LOW HITPOINT WARNING * * *
The phantom blinks!
You hit the orc priest but do no damage.
You claw the orc priest, but do no damage.
You headbutt the orc priest.
The orc priest is almost dead.
Your horns disappear.
Your talons disappear.
The orc priest looks encouraged for a moment.
You barely miss the orc priest.
The orc priest is almost dead.
The orc hits you with a +0 hand axe.
* * * LOW HITPOINT WARNING * * *
The orc closely misses you. The orc priest hits you with a +0 whip.
You die...

..........###.......####..
..........##.........#....
#####....###..............
#.....#...##............[
.....###..................
#..####......#####........
#
...####..)W...#####........
# ...
#....ooo....##......... #
...##....†@.....##......###
#
...§......................
#
.....#..............##.....
...##.............#........
.........#..............#..
....#...##......##...#####
# ..###....#...##.##...# #
. #...###...######## #
.....#....#


You could see a phantom, an orc priest and 2 orcs.

Vanquished Creatures
  Duvessa (D:4)
  A phantom (D:3)
  An ogre (D:4)
  Dowan (D:4)
  A scorpion (D:3)
  A howler monkey (D:3)
  A crimson imp (D:4)
  A jelly (D:4)
  An orc priest (D:3)
  A hound (D:4)
  Crazy Yiuf (D:2)
  Natasha (thrice) (D:4 D:3)
  An iguana (D:3)
  A worker ant zombie (D:4)
  Robin (D:3)
  7 adders
  A white imp (D:4)
  2 oozes
  An adder skeleton (D:4)
  2 worms (D:2)
  3 dart slugs
  3 leopard geckos
  3 orcs (D:3)
  3 giant cockroaches
  15 goblins
  8 hobgoblins
  4 jackals (D:3)
  7 kobolds
  2 quokkas
  A ball python (D:4)
  6 bats
  5 frilled lizards
  A leopard gecko skeleton (D:4)
  4 rats
95 creatures vanquished.

Vanquished Creatures (others)
  A fungus (D:2)
1 creature vanquished.

Grand Total: 96 creatures vanquished

Notes
Turn   | Place    | Note
-------+----------+-------------------------------------------
     0 | D:1      | wakim the Draconian Transmuter began the quest for the Orb.
     0 | D:1      | Reached XP level 1. HP: 16/16 MP: 3/3
   480 | D:1      | Reached XP level 2. HP: 15/23 MP: 3/5
  1129 | D:2      | Reached XP level 3. HP: 25/29 MP: 4/6
  1566 | D:2      | Found a runed translucent door.
  1567 | D:2      | Noticed Crazy Yiuf
  1769 | D:2      | Reached skill level 4 in Unarmed Combat
  1835 | D:2      | Reached XP level 4. HP: 17/36 MP: 5/7
  2284 | D:2      | Killed Crazy Yiuf
  2557 | D:2      | Learned a level 2 spell: Wereblood
  2584 | D:3      | Reached XP level 5. HP: 18/44 MP: 4/8
  2884 | D:3      | Found a faded altar of an unknown god.
  2947 | D:3      | Noticed Robin
  2962 | D:3      | Killed Robin
  3383 | D:4      | Noticed Dowan
  3393 | D:4      | Noticed Duvessa
  3596 | D:4      | Reached XP level 6. HP: 48/51 MP: 9/9
  3852 | D:4      | Reached skill level 5 in Unarmed Combat
  4028 | D:4      | Killed Dowan
  4184 | D:4      | Your scales start taking on a glossy black colour.
  4184 | D:4      | Reached XP level 7. HP: 50/57 MP: 8/10
  4184 | D:4      | Gained mutation: You are resistant to electric shocks.
                  | (rElec) [Black Draconian growth]
  4263 | D:4      | Killed Natasha
  4277 | D:4      | Killed Duvessa
  4278 | D:4      | Reached skill level 6 in Unarmed Combat
  4282 | D:4      | Noticed Natasha
  4291 | D:3      | Killed Natasha
  4465 | D:3      | Noticed Natasha
  4475 | D:3      | Killed Natasha
  4670 | D:4      | Reached skill level 7 in Unarmed Combat
  4901 | D:4      | HP: 1/57 [orc/+0 hand axe (3)]
  4901 | D:4      | Slain by an orc priest

Illustrated notes

Levels and vault maps discovered:
D:1:      lightli_arrival_chessboard, layout_loops_ring, minivault_14
D:2:      layout_basic, minmay_3d_cube, uniq_crazy_yiuf_cottage
D:3:      layout_rooms, chequers_ecumenical_altar_simple_redux, uniq_robin
D:4:      layout_cave_pools, biasface_ghost_orc_armoury, minmay_fire_ice_demons,
          uniq_duvessa, uniq_natasha

Skill      XL: |  1  2  3  4  5  6  7 |
---------------+----------------------+-----
Dodging        | 2 3 4 |  4.0
Fighting       | 2 3 |  3.0
Unarmed Combat | 4 5 7 |  7.0
Transmutations | 3 4 |  4.0
Spellcasting   | |  2.0

Action                   |  1- 3 |  4- 6 |  7- 9 || total
-------------------------+-------+-------+-------++-------
Melee: Unarmed           |   106 |   182 |    62 ||   350
       Kick              |    13 |    38 |    15 ||    66
       Punch             |     2 |     5 |     1 ||     8
       Tailslap          |     7 |    17 |    12 ||    36
       Headbutt          |     4 |    17 |     9 ||    30
 Cast: Beastly Appendage |    17 |    21 |     5 ||    43
       Wereblood         |       |     2 |       ||     2
 Abil: Breathe Lightning |       |       |     1 ||     1
  Use: Scroll            |     7 |     1 |       ||     8
       Potion            |       |     1 |       ||     1
 Stab: Sleeping          |     1 |       |       ||     1
Armor: Skin              |    28 |    51 |    16 ||    95
Dodge: Dodged            |    67 |   113 |    38 ||   218

Table legend: (Time is in decaauts)
 A = Elapsed time spent in this place.
 B = Non-inter-level travel time spent in this place.
 C = Inter-level travel time spent in this place.
 D = Time resting spent in this place.
 E = Time spent auto-exploring this place.
 F = Levels seen in this place.
 G = Mean time per level.
                   A        B        C        D        E       F      G
               +--------+--------+--------+--------+--------+-----+--------+
         Total |   4885 |   4723 |    162 |   2129 |   1768 |   4 | 1221.2 |
       Dungeon |   4885 |   4723 |    162 |   2129 |   1768 |   4 | 1221.2 |
               +--------+--------+--------+--------+--------+-----+--------+

Top non-repeatable levels by time:
     D:3: 1840 daAuts
     D:2: 1419 daAuts
     D:1: 1053 daAuts
     D:4: 572 daAuts
